3A
GRIM REAPERS @ BELLEVUE BRUINS
08/21/2033
 
TOP OF THE 1ST
Grim Reapers batting - Pitching for Bellevue Bruins : LHP Júlio Díaz
Pitching: LHP Júlio Díaz
Batting: RHB Tso-i Wang 0-0: Foul Ball, location: 2F
0-1: Foul Ball, location: 2F
0-2: Ground out 5-3 (Groundball, 56S)
Batting: LHB Semo Hoaloha 0-0: Called Strike
0-1: Called Strike
0-2: Ball
1-2: Ball
2-2: Ball
3-2: Foul Ball, location: 2F
3-2: Strikes out swinging
Batting: RHB Scotty Glenn 0-0: Called Strike
0-1: Ball
1-1: Ground out 6-3 (Groundball, 6)
Top of the 1st over - 0 runs, 0 hits, 0 errors, 0 left on base; Grim 0 - Bellevue 0
BOTTOM OF THE 1ST
Bellevue Bruins batting - Pitching for Grim Reapers : RHP Jonathan Floyd
Pitching: RHP Jonathan Floyd
Batting: LHB Jorge Corella 0-0: Called Strike
0-1: Ball
1-1: Foul Ball, location: 2F
1-2: Fly out, F6 (Popup, P)
Batting: RHB Shirai Yoshida 0-0: Called Strike
0-1: Ball
1-1: Foul Ball, location: 2F
1-2: Foul Ball, location: 2F
1-2: SINGLE (Flyball, 9LM)
Batting: RHB Oki Hai 0-0: Ball
1-0: Foul Ball, location: 2F
1-1: Fly out, F8 (Flyball, 89D)
Batting: RHB Gil Andersen 0-0: Ball
Shirai Yoshida steals 2nd base
1-0: Called Strike
1-1: Ball
2-1: Fly out, F9 (Flyball, 9LMF)
Bottom of the 1st over - 0 runs, 1 hit, 0 errors, 1 left on base; Grim 0 - Bellevue 0
TOP OF THE 2ND
Grim Reapers batting - Pitching for Bellevue Bruins : LHP Júlio Díaz
Batting: RHB Huai-yi Yang 0-0: Ball
1-0: Foul Ball, location: 2F
1-1: Called Strike
1-2: Ball
2-2: Strikes out looking
Batting: RHB Bearooz Yacoobi 0-0: Ball
1-0: Called Strike
1-1: Foul Ball, location: 2F
1-2: Fly out, F3 (Popup, 3SF)
Batting: RHB Brandon Palmer 0-0: Called Strike
0-1: Foul Ball, location: 2F
0-2: Strikes out swinging
Top of the 2nd over - 0 runs, 0 hits, 0 errors, 0 left on base; Grim 0 - Bellevue 0
BOTTOM OF THE 2ND
Bellevue Bruins batting - Pitching for Grim Reapers : RHP Jonathan Floyd
Batting: SHB Jin-yong Ch'oe 0-0: Ball
1-0: Foul Ball, location: 2F
1-1: Ball
2-1: Called Strike
2-2: Ground out U3 (Groundball, 3)
Batting: LHB Juan Carlos Vázquez 0-0: Ball
1-0: Fly out, F9 (Flyball, 9LS)
Batting: SHB José Tirado 0-0: Ball
1-0: Foul Ball, location: 2F
1-1: Called Strike
1-2: Ball
2-2: Ball
3-2: SINGLE (Flyball, 7LS)
Batting: RHB Chris Gordon 0-0: Ground out 1-3 (Groundball, P)
Bottom of the 2nd over - 0 runs, 1 hit, 0 errors, 1 left on base; Grim 0 - Bellevue 0
TOP OF THE 3RD
Grim Reapers batting - Pitching for Bellevue Bruins : LHP Júlio Díaz
Batting: RHB Fraser Albrecht 0-0: Swinging Strike
0-1: Foul Ball, location: 2F
0-2: Ball
1-2: Strikes out swinging
Batting: SHB Guo-liang Ye 0-0: Fly out, F4 (Popup, 13)
Batting: RHB Tsuneari Hirano 0-0: Called Strike
0-1: Swinging Strike
0-2: Ball
1-2: Foul Ball, location: 2F
1-2: Foul Ball, location: 2F
1-2: Ball
2-2: Ball
3-2: Strikes out swinging, 2-3 out at first.
Top of the 3rd over - 0 runs, 0 hits, 0 errors, 0 left on base; Grim 0 - Bellevue 0
BOTTOM OF THE 3RD
Bellevue Bruins batting - Pitching for Grim Reapers : RHP Jonathan Floyd
Batting: RHB Bob Kassell 0-0: Called Strike
0-1: Ball
1-1: Foul Ball, location: 2F
1-2: Fly out, F5 (Line Drive, 5)
Batting: LHB Jorge Corella 0-0: Called Strike
0-1: Ball
1-1: Ground out 4-3 (Groundball, 34)
Batting: RHB Shirai Yoshida 0-0: Swinging Strike
0-1: Ball
1-1: Fly out, F7 (Flyball, 7S)
Bottom of the 3rd over - 0 runs, 0 hits, 0 errors, 0 left on base; Grim 0 - Bellevue 0
TOP OF THE 4TH
Grim Reapers batting - Pitching for Bellevue Bruins : LHP Júlio Díaz
Batting: RHB Tso-i Wang 0-0: Called Strike
0-1: Foul Ball, location: 2F
0-2: Strikes out looking
Batting: LHB Semo Hoaloha 0-0: Fly out, F2 (Popup, 25F)
Batting: RHB Scotty Glenn 0-0: Ball
1-0: Ball
2-0: Foul Ball, location: 2F
2-1: Foul Ball, location: 2F
2-2: Foul Ball, location: 2F
2-2: Strikes out swinging
Top of the 4th over - 0 runs, 0 hits, 0 errors, 0 left on base; Grim 0 - Bellevue 0
BOTTOM OF THE 4TH
Bellevue Bruins batting - Pitching for Grim Reapers : RHP Jonathan Floyd
Batting: RHB Oki Hai 0-0: Foul Ball, location: 2F
0-1: Foul Ball, location: 2F
0-2: Foul Ball, location: 2F
0-2: Ball
1-2: Ball
2-2: Ball
3-2: Fly out, F8 (Flyball, 8LD)
Batting: RHB Gil Andersen 0-0: Ball
1-0: Ball
2-0: Called Strike
2-1: SINGLE (Groundball, 4D)
Batting: SHB Jin-yong Ch'oe 0-0: Called Strike
0-1: Foul Ball, location: 2F
0-2: Strikes out swinging
Batting: LHB Juan Carlos Vázquez 0-0: Called Strike
0-1: Ball
1-1: Called Strike
1-2: Foul Ball, location: 2F
1-2: Foul Ball, location: 2F
1-2: Foul Ball, location: 2F
1-2: Ball
2-2: Ball
3-2: Foul Ball, location: 2F
3-2: Base on Balls
Gil Andersen to second
Batting: SHB José Tirado 0-0: Ball
1-0: Fielders Choice at 2nd, 6-4 (Groundball, 6)
Bottom of the 4th over - 0 runs, 1 hit, 0 errors, 2 left on base; Grim 0 - Bellevue 0
TOP OF THE 5TH
Grim Reapers batting - Pitching for Bellevue Bruins : LHP Júlio Díaz
Batting: RHB Huai-yi Yang 0-0: Ball
1-0: Foul Ball, location: 2F
1-1: Ball
2-1: Foul Ball, location: 2F
2-2: Ground out 6-3 (Groundball, 6)
Batting: RHB Bearooz Yacoobi 0-0: Swinging Strike
0-1: Ground out 6-3 (Groundball, 6)
Batting: RHB Brandon Palmer 0-0: Ball
1-0: Fly out, F7 (Flyball, 7S)
Top of the 5th over - 0 runs, 0 hits, 0 errors, 0 left on base; Grim 0 - Bellevue 0
BOTTOM OF THE 5TH
Bellevue Bruins batting - Pitching for Grim Reapers : RHP Jonathan Floyd
Batting: RHB Chris Gordon 0-0: Called Strike
0-1: Swinging Strike
0-2: Strikes out swinging
Batting: RHB Bob Kassell 0-0: Ball
1-0: Ball
2-0: Ball
3-0: Base on Balls
Batting: LHB Jorge Corella 0-0: Foul Ball, location: 2F
0-1: Foul Ball, location: 2F
0-2: Foul Ball, location: 2F
0-2: Ball
1-2: Fly out, F8 (Flyball, 8RXD)
Batting: RHB Shirai Yoshida 0-0: Ball
1-0: Ground out 1-3 (Groundball, P)
Bottom of the 5th over - 0 runs, 0 hits, 0 errors, 1 left on base; Grim 0 - Bellevue 0
TOP OF THE 6TH
Grim Reapers batting - Pitching for Bellevue Bruins : LHP Júlio Díaz
Batting: RHB Fraser Albrecht 0-0: Ball
1-0: Swinging Strike
1-1: Swinging Strike
1-2: Ball
2-2: Ball
3-2: Strikes out looking
Batting: SHB Guo-liang Ye 0-0: Ball
1-0: Swinging Strike
1-1: Swinging Strike
1-2: Foul Ball, location: 2F
1-2: Strikes out swinging
Batting: RHB Tsuneari Hirano 0-0: Ball
1-0: Called Strike
1-1: Ball
2-1: Ball
3-1: Fly out, F9 (Line Drive, 89M)
Top of the 6th over - 0 runs, 0 hits, 0 errors, 0 left on base; Grim 0 - Bellevue 0
BOTTOM OF THE 6TH
Bellevue Bruins batting - Pitching for Grim Reapers : RHP Jonathan Floyd
Batting: RHB Oki Hai 0-0: Ball
1-0: Called Strike
1-1: Foul Ball, location: 2F
1-2: Ground out 4-3 (Groundball, 4S)
Batting: RHB Gil Andersen 0-0: Fly out, F9 (Line Drive, 9)
Batting: SHB Jin-yong Ch'oe 0-0: Foul Ball, location: 2F
0-1: Ball
1-1: Ball
2-1: Ground out 5-3 (Groundball, 56)
Bottom of the 6th over - 0 runs, 0 hits, 0 errors, 0 left on base; Grim 0 - Bellevue 0
TOP OF THE 7TH
Grim Reapers batting - Pitching for Bellevue Bruins : LHP Júlio Díaz
Batting: RHB Tso-i Wang 0-0: Ball
1-0: Foul Ball, location: 2F
1-1: Foul Ball, location: 2F
1-2: Foul Ball, location: 2F
1-2: DOUBLE (Flyball, 8RD)
Pinch Hitting: RHB Juan Guzmán 0-0: Intentional Walk
Batting: RHB Scotty Glenn 0-0: Ball
1-0: Called Strike
1-1: Fly out, F2 (Popup, 25F)
Batting: RHB Huai-yi Yang 0-0: Called Strike
0-1: Swinging Strike
0-2: Fielders Choice at 2nd, 5-4 (Groundball, 56)
Tso-i Wang to third
Batting: RHB Bearooz Yacoobi 0-0: Ball
1-0: Fly out, F5 (Flyball, 5D)
Top of the 7th over - 0 runs, 1 hit, 0 errors, 2 left on base; Grim 0 - Bellevue 0
BOTTOM OF THE 7TH
Bellevue Bruins batting - Pitching for Grim Reapers : RHP Jonathan Floyd
Now at 1B: Nobuhisa Kuwabara
Batting: LHB Juan Carlos Vázquez 0-0: Called Strike
0-1: Ball
1-1: Ball
2-1: Ball
3-1: Fly out, F9 (Flyball, 89D)
Pitching: RHP Carlos Navarro
Batting: SHB José Tirado 0-0: Foul Ball, location: 2F
0-1: SINGLE (Groundball, 34) (infield hit)
Batting: RHB Chris Gordon 0-0: Called Strike
0-1: Ball
1-1: Foul Ball, location: 2F
1-2: Ball
2-2: Fly out, F4 (Popup, 34)
Batting: RHB Bob Kassell 0-0: Ball
1-0: Ball
2-0: Foul Ball, location: 2F
2-1: SINGLE (Line Drive, 6D)
José Tirado to second
Batting: LHB Jorge Corella 0-0: Fly out, F7 (Flyball, 7S)
Bottom of the 7th over - 0 runs, 2 hits, 0 errors, 2 left on base; Grim 0 - Bellevue 0
TOP OF THE 8TH
Grim Reapers batting - Pitching for Bellevue Bruins : LHP Júlio Díaz
Batting: RHB Brandon Palmer 0-0: Swinging Strike
0-1: Ball
1-1: Ground out 5-3 (Groundball, 56)
Batting: RHB Fraser Albrecht 0-0: Called Strike
0-1: Swinging Strike
0-2: Strikes out swinging
Batting: SHB Guo-liang Ye 0-0: Swinging Strike
0-1: Called Strike
0-2: Ball
1-2: Ball
2-2: Foul Ball, location: 2F
2-2: DOUBLE (Flyball, 8RD)
Batting: RHB Tsuneari Hirano 0-0: Ball
1-0: Ball
2-0: Called Strike
2-1: Swinging Strike
2-2: Foul Ball, location: 2F
2-2: Strikes out swinging
Top of the 8th over - 0 runs, 1 hit, 0 errors, 1 left on base; Grim 0 - Bellevue 0
BOTTOM OF THE 8TH
Bellevue Bruins batting - Pitching for Grim Reapers : RHP Carlos Navarro
Batting: RHB Shirai Yoshida 0-0: Ball
1-0: Called Strike
1-1: Called Strike
1-2: Strikes out swinging
Batting: RHB Oki Hai 0-0: Foul Ball, location: 2F
0-1: Ball
1-1: Called Strike
1-2: Ball
2-2: Ball
3-2: Foul Ball, location: 2F
3-2: Fly out, F9 (Flyball, 9LMF)
Batting: RHB Gil Andersen 0-0: Called Strike
0-1: DOUBLE (Line Drive, 89M)
Batting: SHB Jin-yong Ch'oe 0-0: Ground out 3-1 (Groundball, 34)
Bottom of the 8th over - 0 runs, 1 hit, 0 errors, 1 left on base; Grim 0 - Bellevue 0
TOP OF THE 9TH
Grim Reapers batting - Pitching for Bellevue Bruins : LHP Júlio Díaz
Pitching: RHP Ron Mingo
Batting: RHB Tso-i Wang 0-0: Called Strike
0-1: SINGLE (Groundball, 6MD)
Batting: RHB Nobuhisa Kuwabara 0-0: Foul Ball, location: 2F
0-1: Foul Ball, location: 2F
0-2: Ball
1-2: Foul Ball, location: 2F
1-2: Grounds into double play, 6-4-3 (Groundball, 6M)
Batting: RHB Scotty Glenn 0-0: Called Strike
0-1: Called Strike
0-2: Ball
1-2: Ball
2-2: Strikes out swinging
Top of the 9th over - 0 runs, 1 hit, 0 errors, 0 left on base; Grim 0 - Bellevue 0
BOTTOM OF THE 9TH
Bellevue Bruins batting - Pitching for Grim Reapers : RHP Carlos Navarro
Batting: LHB Juan Carlos Vázquez 0-0: Called Strike
0-1: Ball
1-1: Swinging Strike
1-2: Foul Ball, location: 2F
1-2: Foul Ball, location: 2F
1-2: Fly out, F9 (Line Drive, 9D)
Batting: SHB José Tirado 0-0: Ground out U3 (Groundball, 34)
Batting: RHB Chris Gordon 0-0: Called Strike
0-1: Ball
1-1: Ground out 4-3 (Groundball, 4)
Bottom of the 9th over - 0 runs, 0 hits, 0 errors, 0 left on base; Grim 0 - Bellevue 0
TOP OF THE 10TH
Grim Reapers batting - Pitching for Bellevue Bruins : RHP Ron Mingo
Batting: RHB Huai-yi Yang 0-0: Ball
1-0: Called Strike
1-1: Hit by Pitch
Pinch Runner at 1st Tekkan Hayagawa:
Batting: RHB Bearooz Yacoobi 0-0: Ball
1-0: DOUBLE (Flyball, 8LD)
Tekkan Hayagawa to third
Batting: RHB Brandon Palmer 0-0: Intentional Walk
Batting: RHB Fraser Albrecht 0-0: Ball
1-0: Ball
2-0: Ball
3-0: Called Strike
3-1: Base on Balls
Tekkan Hayagawa scores
Bearooz Yacoobi to third
Brandon Palmer to second
Batting: SHB Guo-liang Ye 0-0: Fly out, F7 (Flyball, 78D)
Runner from 3rd tags up, OUT at HOME
Brandon Palmer to third
Fraser Albrecht to second
Batting: RHB Tsuneari Hirano 0-0: Called Strike
0-1: Swinging Strike
0-2: Ball
1-2: Ball
2-2: Strikes out swinging
Top of the 10th over - 1 run, 1 hit, 0 errors, 2 left on base; Grim 1 - Bellevue 0
BOTTOM OF THE 10TH
Bellevue Bruins batting - Pitching for Grim Reapers : RHP Carlos Navarro
Now at 3B: Tekkan Hayagawa
Batting: RHB Bob Kassell 0-0: Ball
1-0: Called Strike
1-1: Ball
2-1: Fly out, F8 (Flyball, 89D)
Batting: LHB Jorge Corella 0-0: Ball
1-0: Fly out, F8 (Flyball, 8RXD)
Batting: RHB Shirai Yoshida 0-0: Fly out, F8 (Flyball, 8RM)
Bottom of the 10th over - 0 runs, 0 hits, 0 errors, 0 left on base; Grim 1 - Bellevue 0
Saturday, December 22nd, 2018 - OOTP Baseball 18.8 Build 76